 Dungeon Crawl Stone Soup version 0.29-a0-289-g2178c42546 (webtiles) character file.

Game seed: 15027263762986983684

95 kae the Chopper (level 4, -4/40 HPs)
             Began as a Hill Orc Fighter on Mar 16, 2022.
             Slain by a gnoll
             ... wielding a +0 whip of electrocution
              (18 damage)
             ... on level 3 of the Dungeon on Mar 17, 2022.
             The game lasted 00:00:56 (2188 turns).

kae the Chopper (Hill Orc Fighter)                  Turns: 2188, Time: 00:00:56

Health: -4/40      AC:  7    Str: 20    XL:     4   Next: 66%
Magic:  4/4        EV:  9    Int:  8    God:
Gold:   75         SH:  4    Dex: 10    Spells: 3/3 levels left

rFire   . . .      SeeInvis .   a - +0 war axe
rCold   . . .      Faith    .   c - +0 buckler
rNeg    . . .      Spirit   .   b - +0 scale mail
rPois   .          Reflect  .   (no helmet)
rElec   .          Harm     .   (no cloak)
rCorr   .          Rampage  .   (no gloves)
Will    .....                   (no boots)
Stlth   ..........              (no amulet)
HPRegen 0.13/turn               (no ring)
MPRegen 0.09/turn               (no ring)

@: no status effects
A: no striking features
a: no special abilities


You were on level 3 of the Dungeon.
You visited 1 branch of the dungeon, and saw 3 of its levels.

You collected 98 gold pieces.
You spent 23 gold pieces at shops.

Inventory:

Hand Weapons
 a - a +0 war axe (weapon)
Armour
 b - a +0 scale mail (worn)
 c - a +0 buckler (worn)
Jewellery
 j - an amulet of faith
Scrolls
 e - 2 scrolls of fog {unknown}
 f - a scroll of teleportation {unknown}
 h - a scroll of silence {unknown}
 i - a scroll of noise {unknown}
 n - a scroll of blinking {unknown}
 o - a scroll of fear {unknown}
 p - a scroll of brand weapon {unknown}
 s - a scroll of identify {unknown}
Potions
 d - a potion of might
 g - a potion of flight {unknown}
 k - a potion of curing {unknown}
 l - a potion of haste {unknown}
 m - a potion of heal wounds {unknown}
 q - 2 potions of lignification {unknown}
 r - a potion of brilliance {unknown}


   Skills:
 + Level 4.3 Fighting
 * Level 4.4 Axes
 + Level 3.9 Armour
 + Level 1.2 Dodging
 - Level 3.2 Shields


You had 3 spell levels left.
You didn't know any spells.
Your spell library was empty.

Dungeon Overview and Level Annotations

Branches:
Dungeon (3/15)

Altars:

Shops:
D:1 *


Message History

You hear the slow rusting of a very distant drain.
Found a glowing dagger.
No target in view!
No target in view!
You hear the slow rusting of a very distant drain.
e - 2 scrolls labelled LARHIPREOFU (gained 1)
You see here a +1 dagger of speed. 2 gnolls come into view.
The gnoll shouts! 2 gnolls come into view.
A gnoll is wielding a +0 whip of electrocution.
The gnoll shouts! x2
The gnoll hits you from afar with a +0 spear.
The gnoll closely misses you. The gnoll hits you but does no damage.
There are monsters nearby!
You slash the gnoll!
The gnoll is severely wounded.
The gnoll barely misses you. The gnoll closely misses you.
You slash the gnoll!
You kill the gnoll!
The gnoll hits you but does no damage.
The gnoll hits you from afar with a +0 spear.
There are monsters nearby!
There are monsters nearby!
You barely miss the gnoll. The gnoll hits you but does no damage.
You are electrocuted!
The gnoll completely misses you.
You are too injured to fight recklessly!
You are too injured to fight recklessly!
You are too injured to fight recklessly!
You are too injured to fight recklessly!
You are too injured to fight recklessly!
You are too injured to fight recklessly!
You are too injured to fight recklessly!
You barely miss the gnoll. You block the gnoll's attack.
The gnoll barely misses you. The gnoll closely misses you.
The gnoll hits you but does no damage. The gnoll hits you with a +0 spear!
You see here a +0 spear.
The gnoll hits you but does no damage.
You are electrocuted!!
You die...

#.####################.#
#......................#
#)####################.# #.#
#..........# #.# #####.#
#.########.# #.#
#.....######.########.## #.#
#............##........# #.#
#....##########.#####..# #.#
#....##.......g@..#....# #.#
#....##.......)##.#....###.#####
#....##......gg##.#.............
................##.##...###.#####
##....##..............<.###.#
#.... #........##.####...#.#
#........##........#.#
#........########..#.# ###
#........########..#.# #..


You could see 3 gnolls.

Vanquished Creatures
  A gnoll (D:3)
  3 adders (D:2)
  A worm (D:2)
  2 dart slugs
  2 ball pythons
  8 endoplasms
  A giant cockroach (D:2)
  5 goblins
  2 hobgoblins
  4 jackals
  4 kobolds
  3 quokkas
  4 bats
  3 frilled lizards
  8 rats
51 creatures vanquished.

Notes
Turn   | Place    | Note
-------+----------+-------------------------------------------
     0 | D:1      | kae the Hill Orc Fighter began the quest for the Orb.
     0 | D:1      | Reached XP level 1. HP: 19/19 MP: 1/1
   103 | D:1      | Reached XP level 2. HP: 27/27 MP: 2/2
   250 | D:1      | Found Nenkin Miyr's Assorted Antiques.
   284 | D:1      | Bought a scroll labelled DUYDDE RAFUIDI for 23 gold pieces
   442 | D:1      | Reached XP level 3. HP: 31/33 MP: 3/3
   641 | D:2      | Upgraded the game from 0.29-a0-286-g41199d4a87 to
                  | 0.29-a0-289-g2178c42546
  1061 | D:2      | Found a faded altar of an unknown god.
  1429 | D:2      | Reached skill level 1 in Dodging
  1481 | D:2      | Reached XP level 4. HP: 40/40 MP: 4/4
  2188 | D:3      | Slain by a gnoll

Illustrated notes

Levels and vault maps discovered:
D:1:      dpeg_arrival_rooms_with_view, layout_rooms, serial_shops,
          nicolae_lakefront_shop
D:2:      layout_loops_corners, shapermc_ecumenical_altar_pompeii
D:3:      layout_basic, portal_sewer_entry_b

Skill      XL: |  1  2  3 |
---------------+----------+-----
Axes           | 3 4 |  4.4
Fighting       | 4 |  4.3
Dodging        | 1 |  1.2
Armour         | |  3.9
Shields        | |  3.2

Action                   |  1- 3 |  4- 6 || total
-------------------------+-------+-------++-------
Melee: War axe           |   112 |    19 ||   131
Armor: Scale mail        |    51 |    11 ||    62
Dodge: Dodged            |    54 |     7 ||    61
Block: Buckler           |    19 |     2 ||    21

Table legend: (Time is in decaauts)
 A = Elapsed time spent in this place.
 B = Non-inter-level travel time spent in this place.
 C = Inter-level travel time spent in this place.
 D = Time resting spent in this place.
 E = Time spent auto-exploring this place.
 F = Levels seen in this place.
 G = Mean time per level.
                   A        B        C        D        E       F      G
               +--------+--------+--------+--------+--------+-----+--------+
         Total |   2232 |   2133 |     99 |    303 |   1475 |   3 |  744.0 |
       Dungeon |   2232 |   2133 |     99 |    303 |   1475 |   3 |  744.0 |
               +--------+--------+--------+--------+--------+-----+--------+

Top non-repeatable levels by time:
     D:2: 1425 daAuts
     D:1: 659 daAuts
     D:3: 148 daAuts
